 Dungeon Crawl Stone Soup version 0.17.1-1-g73c8601 (webtiles) character file.

112 stupendous the Shield-Bearer (level 5, -12/42 HPs)
             Began as a Formicid Fighter on Mar 24, 2016.
             Mangled by Edmund
             ... wielding a +5 dire flail of holy wrath
              (15 damage)
             ... on level 4 of the Dungeon.
             The game lasted 00:05:41 (2241 turns).

stupendous the Shield-Bearer (Formicid Fighter)     Turns: 2241, Time: 00:05:41

Health: -12/42     AC:  5    Str: 21    XL:     5   Next: 16%
Magic:  5/5        EV:  8    Int:  8    God:
Gold:   123        SH: 11    Dex: 13    Spells: 0 memorised, 4 levels left

rFire  . . .     SeeInvis +     a - +0 long sword
rCold  . . .     Clarity  .     p - -2 scale mail (curse)
rNeg   . . .     SustAt   .     c - +1 shield
rPois  .         Gourm    .     (helmet unavailable)
rElec  .         Spirit   .     (no cloak)
rCorr  .         Warding  .     (no gloves)
rMut   .         Stasis   +     (no boots)
MR     .....                    (no amulet)
Stlth  ..........               s - ring of teleportation (curse)
                                k - +3 ring of dexterity

@: not resistant to hostile enchantments, extremely unstealthy
A: permanent stasis, dig shafts and tunnels, four strong arms, antennae 3
a: Dig, Shaft Self, Evoke Teleportation


You were on level 4 of the Dungeon.
You were hungry.

You visited 1 branch of the dungeon, and saw 4 of its levels.

You collected 123 gold pieces.

Inventory:

Hand Weapons
 a - a +0 long sword (weapon)
Armour
 b - a +0 scale mail
 c - a +1 shield (worn)
 p - a cursed -2 scale mail (worn)
Jewellery
 f - a +3 ring of protection
 k - a +3 ring of dexterity (left hand)
 n - an uncursed ring of flight
 s - a cursed ring of teleportation (right hand)
Wands
 t - a wand of paralysis (9)
Scrolls
 g - 3 scrolls of identify {unknown}
 r - 2 scrolls of enchant armour
 w - a scroll of fear {unknown}
 x - a scroll of amnesia {unknown}
 y - a scroll of remove curse {unknown}
Potions
 d - 2 potions of might
 h - a potion of invisibility {unknown}
 j - 3 potions of curing {unknown}
 l - a potion of degeneration {unknown}
 m - a potion of magic {unknown}
 o - a potion of resistance {unknown}
 q - 2 potions of beneficial mutation {unknown}
 u - a potion of lignification {unknown}
 v - a potion of heal wounds {unknown}
Comestibles
 e - 3 bread rations
 i - 2 beef jerkies
 z - 4 chunks of flesh


   Skills:
 + Level 3.9 Fighting
 + Level 2.7 Long Blades
 + Level 4.3 Armour
 + Level 4.7 Shields


You had 4 spell levels left.
You didn't know any spells.

Dungeon Overview and Level Annotations

Branches:
Dungeon (4/15)
 Temple: D:4-7

Altars:
Yredelemnul
Zin

Annotations:
D:4 Edmund


Innate Abilities, Weirdness & Mutations

You are under a permanent stasis effect.
You can dig through walls and to a lower floor.
Your four strong arms can wield two-handed weapons with a shield.
You have a pair of large antennae on your head (SInv).


Message History

You closely miss Edmund.
The jackal barks!
The jackal moves out of view.
You block Edmund's attack.
You slash Edmund!
Edmund is moderately wounded.
Edmund hits you with a dire flail of holy wrath!
You hit Edmund but do no damage.
Edmund is moderately wounded.
Edmund hits you with a dire flail of holy wrath!
You hit Edmund.
Edmund is moderately wounded.
Edmund hits you with a dire flail of holy wrath!
* * * LOW HITPOINT WARNING * * *
You hear a bark!
You are too injured to fight recklessly!
You are feeling hungry.
A jackal comes into view.
You block the jackal's attack.
Edmund hits you with a dire flail of holy wrath!
You die...

@. ### ...# ##.##
####.. #.h.. #...#
.....#.
#.....#...#####.......
................##..#.
#####.#...............
.........h..........
#...........h........
.............@@.......
##....................
#....................
#.......(............
#########.##..#.....
#. ......... #.
......... .........


You could see Edmund and 2 jackals.

Vanquished Creatures
  A worker ant (D:3)
  3 adders
  An ooze (D:1)
  4 orcs (D:3)
  5 giant cockroaches
  4 hobgoblins
  6 jackals
  3 kobolds
  8 bats
  2 giant geckos (D:2)
  5 giant newts
  8 goblins
  6 rats (D:1)
56 creatures vanquished.

Notes
Turn   | Place    | Note
--------------------------------------------------------------
     0 | D:1      | stupendous the Formicid Fighter began the quest for the Orb.
     0 | D:1      | Reached XP level 1. HP: 18/18 MP: 1/1
    94 | D:1      | Reached XP level 2. HP: 24/24 MP: 2/2
   215 | D:1      | Reached skill level 4 in Shields
   281 | D:1      | Reached XP level 3. HP: 29/29 MP: 3/3
   794 | D:2      | Reached XP level 4. HP: 36/36 MP: 4/4
   949 | D:2      | Found a basalt altar of Yredelemnul.
   951 | D:2      | Found a glowing silver altar of Zin.
  1631 | D:3      | Reached XP level 5. HP: 18/42 MP: 5/5
  2216 | D:4      | Noticed Edmund
  2234 | D:4      | HP: 2/42 [Edmund/dire flail of holy wrath (13)]
  2241 | D:4      | Mangled by Edmund

Action                   |  1- 3 |  4- 6 || total
-------------------------+-------+-------++-------
Melee: Long sword        |   105 |    70 ||   175
  Use: Scroll            |     2 |       ||     2
  Eat: Chunk             |       |     4 ||     4
